 Dungeon Crawl Stone Soup version 0.25.0-9-g26727b657a (webtiles) character file.

Game seed: 7470742234871779179

121816 Canard the Nimble (level 16, -18/117 HPs)
             Began as an Octopode Transmuter on June 18, 2020.
             Was a High Priest of Okawaru.
             Shot with an arrow by a naga sharpshooter (33 damage)
             ... on level 1 of the Snake Pit on June 19, 2020.
             The game lasted 02:42:07 (40667 turns).

Canard the Nimble (Octopode Transmuter)            Turns: 40667, Time: 02:42:08

Health: -18/117    AC:  3    Str: 16    XL:     16   Next: 86%
Magic:  28/32      EV: 26    Int: 21    God:    Okawaru [*****.]
Gold:   1966       SH:  0    Dex: 22    Spells: 1/25 levels left

rFire    + . .     SeeInvis .     - Unarmed
rCold    . . .     Gourm    .   (shield currently unavailable)
rNeg     + . .     Faith    .   p - +0 hat "Tareebb" {rElec Dex+3 Stlth+}
rPois    .         Spirit   .   Q - amulet of regeneration
rElec    +         Reflect  .   c - ring of magical power
rCorr    +         Harm     .   w - ring of resist corrosion
MR       +....                  l - +6 ring of strength
Stlth    ++++++....             T - +6 ring of dexterity
HPRegen  0.69/turn              m - ring of positive energy
MPRegen  0.23/turn              e - ring of wizardry
                                N - ring of protection from fire
                                (no ring)

@: lethally poisoned (-18 -> -19), blade tentacles
A: almost no armour, stealthy swim, amphibious, 8 rings, constrict 8, yellow
scales 1, camouflage 1, screaming 1, gelatinous body 1
a: End Transformation, Heroism, Finesse, Renounce Religion


You were on level 1 of the Snake Pit.
You worshipped Okawaru.
Okawaru was extremely pleased with you.
You were not hungry.
You had blades for tentacles.
You visited 6 branches of the dungeon, and saw 26 of its levels.

You collected 2528 gold pieces.
You spent 562 gold pieces at shops.

Inventory:

Missiles
 a - 598 arrows
 d - 658 stones (quivered)
Armour
 p - the +0 hat "Tareebb" (worn) {rElec Dex+3 Stlth+}
   (You acquired it on level 13 of the Dungeon)

   It affects your dexterity (+3).
   It insulates you from electricity.
   It makes you more stealthy.
 q - a +2 hat of see invisible
   (Okawaru gifted it to you on level 1 of the Snake Pit)
 r - a +2 kite shield
   (You found it on level 12 of the Dungeon)
 R - the +0 hat of Okawaru's Approval {rF+}
   (Okawaru gifted it to you on level 12 of the Dungeon)

   It protects you from fire.
 X - a +1 buckler of cold resistance (melded)
   (Okawaru gifted it to you on level 4 of the Lair of Beasts)
Jewellery
 c - a ring of magical power (left scythe-like blade)
   (You found it on level 5 of the Dungeon)
 e - a ring of wizardry (on tentacle)
   (You found it on level 6 of the Lair of Beasts)
 l - a +6 ring of strength (on tentacle)
   (You found it on level 10 of the Dungeon)
 m - a ring of positive energy (on tentacle)
   (You found it on level 4 of the Lair of Beasts)
 w - a ring of resist corrosion (right scythe-like blade)
   (You found it on level 6 of the Dungeon)
 y - an uncursed amulet of the acrobat
   (You took it off a crimson imp on level 5 of the Dungeon)
 L - an uncursed ring of ice
   (You took it off Fannar on level 1 of the Lair of Beasts)
 N - a ring of protection from fire (on tentacle)
   (You found it on level 12 of the Dungeon)
 Q - an amulet of regeneration (around mantle)
   (You found it on level 2 of the Lair of Beasts)
 T - a +6 ring of dexterity (on tentacle)
   (You found it on level 2 of the Lair of Beasts)
 W - an uncursed amulet of magic regeneration {unknown}
   (You found it on level 4 of the Lair of Beasts)
Wands
 t - a wand of digging (10)
   (You found it on level 3 of the Dungeon)
 z - a wand of acid (8)
   (You found it on level 12 of the Dungeon)
 C - a wand of clouds (6)
   (You found it on level 9 of the Dungeon)
 D - a wand of flame (24)
   (You found it on level 7 of the Dungeon)
 F - a wand of polymorph (11)
   (You found it on level 7 of the Dungeon)
 U - a wand of iceblast (28)
   (You took it off a wight on level 12 of the Dungeon)
Scrolls
 b - 5 scrolls of magic mapping
 g - 3 scrolls of fog
 n - 10 scrolls of remove curse
 s - 3 scrolls of enchant armour
 u - 11 scrolls of teleportation
 E - 3 scrolls of fear
 H - 3 scrolls of enchant weapon
 J - 5 scrolls of amnesia
 V - 2 scrolls of identify
 Z - 3 scrolls of immolation
Potions
 h - 2 potions of mutation
 i - 4 potions of haste
 j - a potion of resistance
 k - 13 potions of heal wounds
 o - a potion of ambrosia
 A - 3 potions of might
 B - 4 potions of flight
 G - a potion of lignification
 M - 2 potions of invisibility
 P - 4 potions of curing
 S - 2 potions of berserk rage
 Y - a potion of brilliance
Miscellaneous
 I - a lightning rod (4/4)
   (You found it on level 10 of the Dungeon)
 K - a box of beasts
 O - a tin of tremorstones (3/3)
   (You found it on level 14 of the Dungeon)
Comestibles
 f - 29 rations


   Skills:
 - Level 13.0 Fighting
 + Level 13.6 Dodging
 + Level 7.9 Stealth
 - Level 5.0 Shields
 + Level 13.3 Unarmed Combat
 - Level 5.0 Spellcasting
 - Level 4.0 Summonings
 - Level 1.0 Translocations
 - Level 12.0 Transmutations
 - Level 2.0 Ice Magic
 * Level 3.6 Earth Magic
 - Level 8.0 Invocations
 + Level 8.9 Evocations


You had one spell level left.
You knew the following spells:

 Your Spells              Type           Power        Failure   Level  Hunger
a - Beastly Appendage     Tmut           ######       2%          1    None
b - Sticks to Snakes      Tmut           ######..     3%          2    None
c - Spider Form           Tmut/Pois      ####......   10%         3    ##.....
d - Ice Form              Ice/Tmut       ####....     16%         4    ####...
e - Blade Hands           Tmut           ######....   9%          5    #####..
f - Summon Butterflies    Summ           ###.....     9%          1    None
g - Blink                 Tloc           N/A          21%         2    None
h - Statue Form           Tmut/Erth      #####....    58%         6    #######

Your spell library contained the following spells:

 Spells                   Type           Power        Failure   Level  Hunger
 Sting                    Tmut/Pois      ####         6%          1    None
 Apportation              Tloc           #.....       16%         1    None
 Corona                   Hex            #......      21%         1    None
 Magic Dart               Conj           #...         21%         1    None
 Call Imp                 Summ           ###.....     11%         2    None
 Ignite Poison            Fire/Tmut/Pois ###.....     16%         3    ##.....
 Poisonous Vapours        Pois/Air       #.....       26%         2    None
 Slow                     Hex            #.......     26%         2    None
 Frozen Ramparts          Ice            ##....       26%         3    ##.....
 Lesser Beckoning         Tloc           #.........   32%         3    ##.....
 Portal Projectile        Hex/Tloc       #.....       36%         3    ##.....
 Alistair's Intoxication  Tmut/Pois      ####....     36%         5    #####..
 Conjure Flame            Conj/Fire      #.......     41%         3    ##.....
 Inner Flame              Hex/Fire       #.......     41%         3    ##.....
 Mephitic Cloud           Conj/Pois/Air  #.......     41%         3    ##.....
 Tukima's Dance           Hex            #.......     41%         3    ##.....
 Leda's Liquefaction      Hex/Erth       ##........   52%         4    ####...
 Cause Fear               Hex            #.........   71%         4    ####...
 Olgreb's Toxic Radiance  Pois           #.......     71%         4    ####...
 Bolt of Magma            Conj/Fire/Erth ##........   85%         5    #####..
 Metabolic Englaciation   Hex/Ice        #.........   86%         5    #####..
 Fireball                 Conj/Fire      #.........   92%         5    #####..
 Iskenderun's Battlesphe  Conj/Chrm      #.......     92%         5    #####..
 Iron Shot                Conj/Erth      ##........   99%         6    #######
 Ozocubu's Refrigeration  Ice            ##........   99%         6    #######
 Freezing Cloud           Conj/Ice/Air   #.........   100%        6    #######
 Invisibility             Hex            #.......     100%        6    #######
 Simulacrum               Ice/Necr       #.........   100%        6    #######
 Starburst                Conj/Fire      #.........   100%        6    #######
 Orb of Destruction       Conj           #.........   100%        7    #######
 Ring of Flames           Chrm/Fire      #.........   100%        7    #######
 Spellforged Servitor     Conj/Summ      ##........   100%        7    #######
 Ignition                 Fire           #.........   100%        8    #######


Dungeon Overview and Level Annotations

Branches:
Dungeon (15/15) Temple (1/1) D:4 Lair (6/6) D:10 Shoals (1/4) Lair:4 Snake (1/4) Lair:4 Slime (0/5) Lair:6 Orc (2/2) D:12 Elf (0/3) Orc:2 Vaults (0/5) D:12 D:13 Depths (0/5) D:15

Altars:
Ashenzari
Cheibriados
Dithmenos
Elyvilon
Fedhas
Gozag
Hepliaklqana
Kikubaaqudgha
Makhleb
Nemelex Xobeh
Okawaru
Qazlal
Ru
Sif Muna
Trog
Uskayaw
Vehumet
Wu Jian
Xom
Yredelemnul
Zin
The Shining One
Jiyva

Shops:
D:4 *   D:13 *?(*   Orc:2 ([:(

Annotations:
Lair:3 3 runed translucent doors, exclusion: 3 doors, Nurip's ghost, journeyman MiBe
Lair:4 exclusion: 3 oklob plants


Innate Abilities, Weirdness & Mutations

You cannot wear most types of armour.
You are very stealthy in the water. (Stealth+)
You are amphibious.
You can wear up to eight rings at the same time.
You can use your tentacles to constrict eight enemies at once.
Your skin changes colour to match your surroundings (Stealth+).
Your rubbery body absorbs attacks. (AC +1, EV +1)
You are partially covered in yellow scales. (AC +2)
You occasionally shout uncontrollably at your foes.


Message History

The naga sharpshooter spits poison at you.
The splash of poison hits you.
You are more poisoned.
* * * LOW HITPOINT WARNING * * *
Dmg: -4%(-5hp) hp: 35%(40hp) Exp: ~750(2%)
You feel sick.
The naga sharpshooter shoots an arrow.
The arrow hits you!!
* * * LOW HITPOINT WARNING * * *
Items here: ( )) † a +0 longbow; a +0 hand axe; 10 arrows; a naga corpse Huge Dmg: -22%(-25hp) hp: 13%(15hp) Unknown command.
As you read the scroll of fear, it crumbles to dust.
You assume a fearsome visage.
The naga sharpshooter looks frightened!
The naga sharpshooter resists with some effort.
You feel sick.
The naga sharpshooter casts a spell.
The naga sharpshooter magically shoots an arrow.
The arrow hits you!!
You die...

#...........#
##...##(...## ###
#....# #....#
#....# ##..N#
#)(.######
#...N##((###
#....@(...(###
#......(..#..##
##.......#####.#
##.......## ###
##########).......#
..................#
..).).............#
...#####..........#
#### #####......##


You could see 2 naga sharpshooters.

Vanquished Creatures
  Rupert (D:12)
  A sphinx (D:12)
  A tengu reaver (D:12)
  Roxanne (D:15)
  Nessos (D:13)
  The ghost of Xtruder99 the Martial Artist, a journeyman GnTm of Cheibriados (D:13)
  A minotaur (D:13)
  Erolcha (Orc:2)
  A fire dragon (Lair:6)
  Fannar (Lair:1)
  A deep elf high priest (D:12)
  6 hydras
  A naga warrior (Snake:1)
  An ice dragon (Lair:6)
  2 catoblepae (Lair:3)
  3 anacondas (Snake:1)
  2 centaur warriors
  7 two-headed ogres
  A death yak (Lair:3)
  3 tengu warriors
  6 orc high priests
  A shock serpent (Snake:1)
  8 naga sharpshooters (Snake:1)
  13 skeletal warriors
  3 unseen horrors
  2 lindwurms
  Pikel (D:6)
  A sphinx zombie (D:15)
  An orc knight (D:14)
  A naga ritualist (Snake:1)
  A mana viper (Snake:1)
  2 orc sorcerers
  A phantasmal warrior (D:15)
  9 ugly things
  A necromancer (D:15)
  A shadow dragon zombie (D:15)
  5 cyclopes
  2 manticores
  2 deep elf magi
  9 elephants
  21 black mambas
  3 molten gargoyles (Lair:6)
  A torpor snail (Lair:4)
  A naga mage (Snake:1)
  A gargoyle (D:14)
  8 spiny frogs
  3 rime drakes
  2 kobold demonologists
  An efreet (D:15)
  12 komodo dragons
  A guardian mummy (D:15)
  A yaktaur skeleton (D:15)
  A tengu conjurer (D:15)
  7 trolls
  A merfolk (Shoals:1)
  A tyrant leech (Lair:4)
  A queen bee (Lair:2)
  A jumping spider (shapeshifter) (D:14)
  Grinder (D:6)
  11 hippogriffs
  14 blink frogs
  2 meliai zombies
  2 harpy skeletons
  14 slime creatures
  A dream sheep (Lair:3)
  7 wyverns
  2 fire bats
  31 yaks
  Eustachio (D:4)
  16 humans
  A golden eye (shapeshifter) (D:14)
  A steam dragon (Lair:6)
  3 wraiths
  3 hungry ghosts
  5 basilisks
  8 vampire mosquitoes
  Menkaure (D:4)
  13 nagas (Snake:1)
  An acid dragon (D:13)
  3 swamp worms (Lair:4)
  2 wargs (Orc:1)
  3 hell hounds (Lair:6)
  3 soldier ants
  17 water moccasins
  A human skeleton (D:15)
  Duvessa (D:4)
  10 porcupines
  4 slaves (D:6)
  3 ice beasts
  4 sky beasts
  A hornet zombie (D:15)
  22 orc warriors
  2 necrophages (D:9)
  17 ogres
  3 phantoms
  A black bear (D:8)
  19 wolves
  11 centaurs
  9 big kobolds
  13 crocodiles
  27 bullfrogs
  2 gnoll sergeants (D:12)
  A wyvern zombie (D:11)
  A wyvern skeleton (D:10)
  Dowan (D:4)
  6 scorpions
  14 wights
  26 killer bees
  5 electric eels
  2 howler monkeys
  6 lava snakes
  6 crimson imps
  5 jellies
  A bullfrog zombie (D:6)
  2 quasits
  9 hounds
  27 orc priests
  24 orc wizards
  4 centaur skeletons
  4 iguanas
  7 hell rats (Lair:3)
  10 worker ants
  A centaur simulacrum (D:12)
  2 hound zombies
  2 hound skeletons (D:6)
  Robin (D:4)
  14 adders
  12 gnolls
  A howler monkey skeleton (D:5)
  14 river rats (Lair:3)
  2 shadow imps
  3 white imps (Lair:6)
  2 oozes
  2 worms
  2 dart slugs
  6 leopard geckos
  62 orcs
  4 giant cockroaches
  16 goblins
  10 hobgoblins
  13 jackals
  13 quokkas
  2 ball pythons (D:2)
  11 bats
  7 frilled lizards
  2 jackal zombies
  16 kobolds
  A leopard gecko skeleton (D:6)
  15 rats
  4 plants
891 creatures vanquished.

Vanquished Creatures (collateral kills)
  A gnoll (D:1)
1 creature vanquished.

Vanquished Creatures (others)
  An orc priest (D:14)
  2 orcs
  A rat (D:1)
  15 fungi
  23 plants
42 creatures vanquished.

Grand Total: 934 creatures vanquished

Notes
Turn   | Place    | Note
-------+----------+-------------------------------------------
     0 | D:1      | Canard the Octopode Transmuter began the quest for the Orb.
     0 | D:1      | Reached XP level 1. HP: 13/13 MP: 3/3
   189 | D:1      | Reached XP level 2. HP: 10/18 MP: 3/5
   191 | D:1      | Reached skill level 1 in Stealth
   296 | D:1      | Learned a level 2 spell: Sticks to Snakes
   594 | D:1      | Reached XP level 3. HP: 23/23 MP: 6/6
   638 | D:1      | Learned a level 3 spell: Spider Form
  1632 | D:2      | Reached XP level 4. HP: 21/29 MP: 5/7
  2998 | D:3      | Reached XP level 5. HP: 28/34 MP: 8/8
  4077 | D:4      | Noticed Eustachio
  4081 | D:4      | Found a staircase to the Ecumenical Temple.
  4090 | Temple   | Entered the Ecumenical Temple
  4131 | Temple   | Became a worshipper of Warmaster Okawaru
  4428 | D:4      | Noticed Dowan
  4444 | D:4      | Killed Dowan
  4444 | D:4      | Reached XP level 6. HP: 37/39 MP: 3/9
  4528 | D:4      | Noticed Menkaure
  4662 | D:4      | Noticed Duvessa
  4665 | D:5      | Entered Level 5 of the Dungeon
  5039 | D:4      | Gained mutation: You tend to lose your temper in combat.
                  | [potion of mutation]
  5039 | D:4      | Gained mutation: You are partially covered in slimy green
                  | scales. (AC +2) [potion of mutation]
  5292 | D:4      | Found Millaum's General Store.
  5292 | D:4      | Noticed Robin
  5532 | D:4      | Killed Eustachio
  5532 | D:4      | Reached * piety under Okawaru
  5532 | D:4      | Reached skill level 5 in Unarmed Combat
  5532 | D:4      | Reached XP level 7. HP: 32/45 MP: 7/10
  5794 | D:4      | Learned a level 4 spell: Ice Form
  5798 | D:4      | Killed Menkaure
  5798 | D:4      | Reached skill level 1 in Invocations
  5840 | D:4      | Killed Duvessa
  5840 | D:4      | Reached ** piety under Okawaru
  5840 | D:4      | Reached skill level 5 in Transmutations
  6227 | D:4      | Killed Robin
  6353 | D:5      | Reached skill level 1 in Ice Magic
  6358 | D:5      | Reached XP level 8. HP: 19/50 MP: 11/11
  6811 | D:5      | Got an ebony falchion
  7512 | D:5      | Found a bloodstained altar of Trog.
  7830 | D:6      | Reached skill level 5 in Dodging
  7849 | D:6      | Noticed Grinder
  8171 | D:6      | Reached *** piety under Okawaru
  8188 | D:6      | Reached XP level 9. HP: 35/58 MP: 12/12
  8845 | D:6      | Killed Grinder
  9373 | D:6      | Noticed Pikel
  9410 | D:6      | Killed Pikel
  9410 | D:6      | Reached **** piety under Okawaru
  9791 | D:7      | Reached XP level 10. HP: 60/65 MP: 14/14
 11312 | D:8      | Reached skill level 5 in Stealth
 11386 | D:8      | Reached skill level 1 in Evocations
 11456 | D:8      | Learned a level 5 spell: Blade Hands
 11589 | D:9      | Reached skill level 5 in Fighting
 11800 | D:9      | Noticed a two-headed ogre
 11817 | D:9      | Killed a two-headed ogre
 11817 | D:9      | Reached ***** piety under Okawaru
 11817 | D:9      | Received a gift from Okawaru
 12429 | D:9      | Reached skill level 5 in Invocations
 12441 | D:9      | Reached XP level 11. HP: 58/72 MP: 16/16
 12940 | D:10     | Entered Level 10 of the Dungeon
 13254 | D:10     | Found an ornate altar of the Wu Jian Council.
 14356 | D:10     | Found a staircase to the Lair.
 14893 | D:10     | Learned a level 1 spell: Summon Butterflies
 15097 | D:11     | Noticed a manticore
 15113 | D:11     | Killed a manticore
 15478 | D:11     | Reached skill level 5 in Evocations
 15490 | D:11     | Reached skill level 1 in Summonings
 16679 | D:11     | Gained mutation: You are frail. (-10% HP) [mutagenic glow]
 16730 | D:10     | Lost mutation: You are frail. (-10% HP) [potion of
                  | mutation]
 16730 | D:10     | Lost mutation: You are partially covered in slimy green
                  | scales. (AC +2) [potion of mutation]
 16730 | D:10     | Lost mutation: You tend to lose your temper in combat.
                  | [potion of mutation]
 16730 | D:10     | Gained mutation: You occasionally shout uncontrollably at
                  | your foes. [potion of mutation]
 16730 | D:10     | Gained mutation: You are partially covered in yellow
                  | scales. (AC +2) [potion of mutation]
 16930 | Lair:1   | Entered Level 1 of the Lair of Beasts
 17196 | Lair:1   | Noticed Fannar
 17651 | Lair:1   | HP: 1/75 [Fannar/bolt of cold (25)]
 17655 | Lair:1   | Killed Fannar
 17655 | Lair:1   | Reached XP level 12. HP: 21/81 MP: 18/18
 18417 | Lair:1   | Found the +8 whip "Snakebite" {curare, rPois}
 19781 | Lair:2   | Received a gift from Okawaru
 21158 | Lair:3   | Found a runed translucent gate.
 21158 | Lair:3   | Found a runed translucent gate.
 21158 | Lair:3   | Found a runed translucent gate.
 21175 | Lair:3   | Noticed a death ooze
 21175 | Lair:3   | Noticed Nurip's ghost (journeyman MiBe)
 21177 | Lair:3   | Found a viscous altar of Jiyva.
 21253 | Lair:3   | Received a gift from Okawaru
 21522 | Lair:3   | Reached skill level 10 in Unarmed Combat
 21522 | Lair:3   | Reached skill level 10 in Transmutations
 21562 | Lair:3   | Reached XP level 13. HP: 62/90 MP: 19/19
 21716 | Lair:3   | Reached skill level 10 in Dodging
 21916 | Lair:3   | Received a gift from Okawaru
 22562 | Lair:3   | Reached ****** piety under Okawaru
 23101 | Lair:4   | Found a staircase to the Snake Pit.
 23314 | Lair:4   | Found a staircase to the Shoals.
 23434 | Lair:4   | Received a gift from Okawaru
 23659 | Lair:4   | Reached skill level 1 in Shields
 24716 | Lair:5   | Reached skill level 5 in Spellcasting
 25566 | Lair:6   | Entered Level 6 of the Lair of Beasts
 25566 | Lair:6   | Found a staircase to the Slime Pits.
 25566 | Lair:6   | Found a viscous altar of Jiyva.
 25976 | Lair:6   | Reached XP level 14. HP: 77/98 MP: 21/21
 26803 | Lair:6   | Reached skill level 10 in Fighting
 26879 | Lair:6   | Reached skill level 5 in Shields
 27060 | Lair:6   | Received a gift from Okawaru
 27061 | Lair:6   | Got a dazzling quarterstaff {god gift}
 27838 | Lair:6   | Found a large runed translucent door.
 27838 | Lair:6   | Found a large runed translucent door.
 29142 | D:12     | Learned a level 2 spell: Blink
 29210 | D:12     | Noticed a tengu reaver
 29319 | D:12     | Received a gift from Okawaru
 29320 | D:12     | Found a staircase to the Orcish Mines.
 29924 | D:12     | Killed a tengu reaver
 29924 | D:12     | Reached skill level 1 in Translocations
 30452 | D:12     | Reached XP level 15. HP: 94/105 MP: 22/22
 30650 | D:12     | Received a gift from Okawaru
 30713 | D:12     | Noticed a sphinx
 30732 | D:12     | Killed a sphinx
 30863 | D:12     | Identified the Catalogue of the Igneous Frostbite
 31031 | Orc:1    | Entered Level 1 of the Orcish Mines
 31906 | Orc:2    | Entered Level 2 of the Orcish Mines
 31914 | Orc:2    | Noticed Erolcha
 31929 | Orc:2    | Found a staircase to the Elven Halls.
 32103 | Orc:2    | Paralysed by Erolcha for 3 turns
 32108 | Orc:2    | Killed Erolcha
 32957 | Orc:2    | Found Odarpha's Antique Weapon Shop.
 32957 | Orc:2    | Found Efusuf's Weapon Boutique.
 32957 | Orc:2    | Found Vaxuodgh's Book Shop.
 32963 | Orc:2    | Found Dojoestra's Antique Armour Boutique.
 33297 | D:13     | Found a gate to the Vaults.
 33297 | D:13     | Noticed Nessos
 33297 | D:13     | Noticed Rupert
 33461 | D:12     | Paralysed by Rupert for 3 turns
 33616 | D:12     | Killed Rupert
 33616 | D:12     | Received a gift from Okawaru
 33619 | D:12     | Got a crude hat {god gift}
 33659 | D:12     | Identified the +0 hat of Okawaru's Approval {rF+} (Okawaru
                  | gifted it to you on level 12 of the Dungeon)
 34243 | D:13     | Killed Nessos
 34531 | D:13     | Found Siloddas's Magic Scroll Shoppe.
 34540 | D:13     | Bought a scroll of fear for 52 gold pieces
 34540 | D:13     | Bought a scroll of identify for 30 gold pieces
 34548 | D:13     | Found Gorit's Assorted Antiques.
 34555 | D:13     | Bought a scroll labeled OGGAINA LICWAP for 30 gold pieces
 34555 | D:13     | Bought a potion of heal wounds for 150 gold pieces
 34555 | D:13     | Bought a potion of heal wounds for 150 gold pieces
 34555 | D:13     | Bought a potion of heal wounds for 150 gold pieces
 34559 | D:13     | Got the +0 hat "Tareebb" {rElec Dex+3 Stlth+}
 34729 | D:13     | Found Wauheer's Demolitions Depot.
 34731 | D:13     | Found a snail-covered altar of Cheibriados.
 34793 | D:13     | You fall into a shaft and drop 2 floors!
 34793 | D:15     | Entered Level 15 of the Dungeon
 34929 | D:15     | Reached XP level 16. HP: 103/116 MP: 23/23
 35373 | D:13     | Found Laus's Antique Weapon Shop.
 35611 | D:13     | Received a gift from Okawaru
 35643 | D:13     | Noticed Xtruder99's ghost (journeyman GnTm)
 35665 | D:13     | Found a runed translucent gate.
 35665 | D:13     | Found a runed translucent gate.
 35665 | D:13     | Found a runed translucent gate.
 35780 | D:13     | You fall into a shaft and drop 2 floors!
 36057 | D:13     | Killed Xtruder99's ghost
 36981 | D:15     | Found a staircase to the Depths.
 37406 | D:15     | Identified Roxanne's Handbook of Transmigration
 37406 | D:15     | Noticed Roxanne
 37436 | D:15     | Killed Roxanne
 37447 | D:15     | Learned a level 6 spell: Statue Form
 37688 | D:15     | Found a blossoming altar of Fedhas.
 37981 | Shoals:1 | Entered Level 1 of the Shoals
 38088 | Snake:1  | Entered Level 1 of the Snake Pit
 38154 | Snake:1  | Reached skill level 1 in Earth Magic
 39386 | Snake:1  | Received a gift from Okawaru
 40667 | Snake:1  | Shot with an arrow by a naga sharpshooter

Illustrated notes

Levels and vault maps discovered:
D:1:      scummos_arrival_hexagon, layout_basic, lemuel_flame_loot_1
D:2:      layout_loops_corners
D:3:      layout_basic
D:4:      layout_rooms, minmay_temple_entry_antechambers, serial_shops, shop,
          chequers_serial_rivers_room_b, uniq_eustachio, uniq_duvessa,
          uniq_menkaure, uniq_robin
D:5:      layout_loops_corners, kennysheep_mini, first_ration,
          kennysheep_generic_room_6
D:6:      layout_basic, uniq_pikel, uniq_grinder
D:7:      layout_rooms
D:8:      layout_rooms, blue_anna_alchemist [blue_anna_fruit_fields,
          blue_anna_fruit_fields]
D:9:      layout_irregular_city
D:10:     layout_basic, erik_lair_island, basic_altar
D:11:     layout_loops_corners, minmay_circle_x
D:12:     evilmike_diamond_1, layout_rooms,
          kennysheep_orc_monster_closet_entryway
D:13:     layout_stronghold, david_vaults_3, serial_shops, shop,
          kennysheep_mini_moat, shop, basic_altar,
          maelrawn_ghost_gauntlet_escape, chequers_jeans, nicolae_blasting_shop,
          minmay_stone_trees_medium
D:14:     lemuel_flame_loot_2, layout_long_grid, kennysheep_decorative_pillar
D:15:     gammafunk_depths_entry_grave, layout_basic, fedhas_altar_4,
          fountainhead, drop_trap, uniq_rupert, uniq_roxanne
Temple:   kilobyte_greek_temple
Lair:1:   minmay_guarded_unrand_snakebite, layout_gridlike, uniq_fannar
Lair:2:   layout_long_grid, special_room [special_room_bee],
          grunt_forest_stairs_basic, serial_bayou_lagoon_b
Lair:3:   lemuel_ratsnest, layout_hall_layers, gammafunk_ghost_ooze,
          minmay_shattered_shrine, grunt_megastairs_3
Lair:4:   layout_loops_ring, minmay_shoals_entry_centaurs, dummy_snake_entry,
          worms_lemuel, minmay_lair_oklob_chamber
Lair:5:   layout_cave_pods
Lair:6:   cheibrodos_lair_end_hotspot, layout_gridlike, slime_altar_1,
          bobbens_ice_dragon_lair
Shoals:1: layout_shoals
Snake:1:  layout_layer_cave
Orc:1:    layout_diamond_mine
Orc:2:    st_orc_mages, layout_caves, uniq_erolcha

Skill      XL: |  1  2  3  4  5  6  7  8  9 10 11 12 13 14 15 16 |
---------------+-------------------------------------------------+-----
Stealth        | 1 2 3 4 5 7 |  7.9
Fighting       | 2 4 5 7 9 10 12 13 | 13.0
Dodging        | 3 4 6 7 8 9 10 12 13 | 13.6
Transmutations | 3 4 5 6 7 9 10 11 12 | 12.0
Unarmed Combat | 4 5 6 7 8 10 11 12 13 | 13.3
Invocations    | 2 3 5 6 7 8 |  8.0
Ice Magic      | 1 2 |  2.0
Spellcasting   | 3 4 5 |  5.0
Evocations     | 4 5 8 |  8.9
Summonings     | 2 4 |  4.0
Shields        | 3 5 |  5.0
Translocations | 1 |  1.0
Earth Magic    | 3 |  3.6

Action                   |  1- 3 |  4- 6 |  7- 9 | 10-12 | 13-15 | 16-18 || total
-------------------------+-------+-------+-------+-------+-------+-------++-------
Melee: Unarmed           |    78 |   172 |   294 |   698 |  1093 |   334 ||  2669
       Constrict         |    21 |    37 |    45 |    57 |   139 |    38 ||   337
       Kick              |    15 |    12 |    33 |    78 |    55 |    24 ||   217
       Tentacles         |     8 |    21 |    35 |    79 |   195 |    83 ||   421
       Punch             |     1 |     2 |     7 |    36 |    81 |    41 ||   168
Throw: Stone             |       |       |       |       |       |    10 ||    10
 Cast: Beastly Appendage |    11 |    17 |    20 |    32 |    23 |    11 ||   114
       Sticks to Snakes  |     2 |       |     2 |     3 |     5 |     3 ||    15
       Spider Form       |     1 |     5 |     5 |    18 |     4 |       ||    33
       Ice Form          |       |       |    11 |    22 |    38 |     3 ||    74
       Blade Hands       |       |       |       |    11 |    74 |    41 ||   126
       Summon Butterflie |       |       |       |     3 |    36 |    13 ||    52
       Blink             |       |       |       |       |     2 |     2 ||     4
Invok: Heroism           |       |       |       |     3 |    10 |     1 ||    14
       Finesse           |       |       |       |     1 |     6 |     1 ||     8
Evoke: Wand              |       |       |       |     1 |    24 |     1 ||    26
  Use: Potion            |       |     7 |       |     3 |       |     3 ||    13
       Scroll            |       |       |    11 |    10 |     8 |     2 ||    31
 Stab: Sleeping          |     2 |     9 |     6 |    14 |     5 |    10 ||    46
       Distracted        |       |       |     1 |     1 |     6 |       ||     8
       Confused          |       |       |       |       |       |     2 ||     2
  Eat: Chunk             |     2 |    11 |    15 |    38 |    61 |    14 ||   141
       Ration            |       |     1 |     1 |     3 |     4 |     5 ||    14
Armor: Skin              |    10 |    11 |    18 |    44 |    56 |    11 ||   150
Dodge: Dodged            |    48 |    95 |   160 |   522 |   745 |   265 ||  1835
Block: Buckler           |       |       |       |       |    53 |    34 ||    87
